 Dungeon Crawl Stone Soup version 0.21-a0-525-ga34b322 (webtiles) character file.

53 solxrula the Cudgeler (level 3, -3/54 HPs)
             Began as a Troll Berserker on Dec 7, 2017.
             Was a Believer of Trog.
             Killed by nerve-wracking pain
             ... invoked by Grinder
              (7 damage)
             ... on level 3 of the Dungeon.
             The game lasted 00:04:45 (1841 turns).

solxrula the Cudgeler (Troll Berserker)             Turns: 1841, Time: 00:04:46

Health: -3/54      AC:  9    Str: 31    XL:     3   Next: 62%
Magic:  2/2        EV: 10    Int:  3    God:    Trog [**....]
Gold:   100        SH:  0    Dex:  9    Spells: 2/2 levels left

rFire    . . .     SeeInvis .   a - +0 mace
rCold    . . .     Gourm    +   (no shield)
rNeg     . . .     Faith    .   b - +1 animal skin
rPois    .         Spirit   .   (helmet restricted)
rElec    .         Reflect  .   h - +2 cloak
rCorr    .         Harm     .   (gloves unavailable)
MR       .....                  (boots unavailable)
Stlth    ..........             (no amulet)
HPRegen  0.58/turn              (no ring)
MPRegen  0.08/turn              (no ring)

@: berserking, very quick
A: large, unfitting armour, claws 3, fast metabolism 3, gourmand, regeneration
1, shaggy fur 1, tough skin 2
a: Berserk, Trog's Hand, Burn Spellbooks, Renounce Religion


You were on level 3 of the Dungeon.
You worshipped Trog.
Trog was pleased with you.
You were full.

You visited 1 branch of the dungeon, and saw 3 of its levels.

You collected 100 gold pieces.

Inventory:

Hand Weapons
 a - a +0 mace (weapon)
Armour
 b - a +1 animal skin (worn)
 h - a +2 cloak (worn)
Scrolls
 g - 2 scrolls of fear
 i - 4 scrolls of identify
Comestibles
 c - 3 bread rations
 d - a royal jelly
 f - 2 meat rations
 j - 2 fruits


   Skills:
 + Level 2.7 Fighting
 * Level 3.6 Maces & Flails
 + Level 2.8 Dodging


You had 2 spell levels left.
You didn't know any spells.

Dungeon Overview and Level Annotations

Branches:
Dungeon (3/15)

Altars:

Annotations:
D:3 Grinder


Innate Abilities, Weirdness & Mutations

You are too large for most types of armour.
You have claws for hands.
Your metabolism is lightning-fast.
You like to eat raw meat.
Your natural rate of healing is unusually fast.
You are covered in fur. (AC +1)
You have very tough skin. (AC +2)


Message History

You sock Grinder!
Grinder is moderately wounded.
Grinder gestures at you. You resist with significant effort.
You closely miss Grinder.
Grinder is moderately wounded.
Grinder hits you!
* * * LOW HITPOINT WARNING * * *
You writhe in agony.
* * * LOW HITPOINT WARNING * * *
You hit Grinder.
Grinder is heavily wounded.
You thump Grinder!
Grinder is severely wounded.
Grinder hits you but does no damage.
You closely miss Grinder.
Grinder is severely wounded.
Grinder gestures at you. Pain shoots through your body!
You die...

.. #.#...# ###+###
.# .....#
.......##.#
#+##....##
..........#
.........#
..........#
.........#
..........# .......
#+#####.... #..5#
#.....<....
#..@######..####....
#...........#.......
####.######...#.....
#.#.)..##..#.....
#....#.....#.#+##
##########...#
+...... #.......
........


You could see Grinder.

Vanquished Creatures
  An adder (D:3)
  A worm (D:2)
  2 dart slugs
  2 leopard geckos
  A bat (D:2)
  2 giant cockroaches (D:2)
  6 goblins
  7 hobgoblins
  A quokka (D:2)
  A ball python (D:1)
  2 kobolds
  6 rats
32 creatures vanquished.

Notes
Turn   | Place    | Note
-------+----------+-------------------------------------------
     0 | D:1      | solxrula the Troll Berserker began the quest for the Orb.
     0 | D:1      | Reached XP level 1. HP: 22/22 MP: 0/0
   161 | D:1      | Reached skill level 3 in Maces & Flails
   288 | D:1      | Reached XP level 2. HP: 29/29 MP: 1/1
  1045 | D:2      | Reached XP level 3. HP: 36/36 MP: 2/2
  1308 | D:2      | Reached ** piety under Trog
  1808 | D:3      | Noticed Grinder
  1829 | D:3      | Paralysed by Grinder for 6 turns
  1838 | D:3      | HP: 2/54 [Grinder (6)]
  1841 | D:3      | Killed from afar by Grinder

Vault maps used:
D:1:      ncdulo_wetmaze
D:2:      minmay_misc_feat_ornament, minmay_misc_feat_x
D:3:      grunt_temple_overflow_cloverleaf, tso_metal_star, first_bread,
          serial_bayou_pond_d, uniq_grinder

Skill      XL: |  1 |
---------------+----+-----
Maces & Flails | 3 |  3.6
Fighting       | |  2.7
Dodging        | |  2.8

Action                   || total
-------------------------++-------
Melee: Mace              ||   104
Invok: Berserk           ||     1
  Use: Scroll            ||     5
       Potion            ||     2
  Eat: Chunk             ||    20
Armor: Animal skin       ||    39
Dodge: Dodged            ||    42

Table legend:
 A = Spawn XP
 B = Non-spawn XP
 C = Spawn XP percentage of total XP
 D = Spawn monster count
 E = Non-spawn monster count
 F = Spawn count percentage of total count
 G = Total turns spent on level
                    A         B        C        D         E        F      G
               +---------+---------+-------+---------+---------+-------+---------
         Total |       0 |      76 |   0.0 |       0 |      32 |   0.0 |  1841
               +---------+---------+-------+---------+---------+-------+---------
           D:1 |       0 |      19 |   0.0 |       0 |      10 |   0.0 |   764
           D:2 |       0 |      44 |   0.0 |       0 |      21 |   0.0 |  1013
           D:3 |       0 |      13 |   0.0 |       0 |       1 |   0.0 |    64
               +---------+---------+-------+---------+---------+-------+---------
